 Dungeon Crawl Stone Soup version 0.21.1-1-g345015fe64 (webtiles) character file.

109 McIrco the Shield-Bearer (level 4, -2/60 HPs)
             Began as a Hill Orc Fighter on Mar 11, 2018.
             Slain by a gnoll
             ... wielding a +0 flail
              (4 damage)
             ... on level 3 of the Dungeon.
             The game lasted 00:05:51 (1648 turns).

McIrco the Shield-Bearer (Hill Orc Fighter)         Turns: 1648, Time: 00:05:51

Health: -2/60      AC:  8    Str: 34    XL:     4   Next: 90%
Magic:  0/4        EV:  8    Int:  8    God:
Gold:   44         SH: 11    Dex: 10    Spells: 3/3 levels left

rFire    . . .     SeeInvis .   a - +0 war axe
rCold    . . .     Gourm    .   c - +0 shield
rNeg     . . .     Faith    .   b - +0 scale mail
rPois    .         Spirit   +   (no helmet)
rElec    .         Reflect  .   e - scarf {Spirit}
rCorr    .         Harm     .   s - +0 pair of gloves
MR       .....                  (no boots)
Stlth    ..........             (no amulet)
HPRegen  0.20/turn              h - +5 ring of strength
MPRegen  0.09/turn              q - +5 ring of strength

@: berserking, very quick
A: no striking features
a: no special abilities


You were on level 3 of the Dungeon.
You were hungry.

You visited 1 branch of the dungeon, and saw 3 of its levels.

You collected 44 gold pieces.

Inventory:

Hand Weapons
 a - a +0 war axe (weapon)
Armour
 b - a +0 scale mail (worn)
 c - a +0 shield (worn)
 e - a scarf of spirit shield (worn)
 s - a +0 pair of gloves (worn)
Jewellery
 h - a +5 ring of strength (left hand)
 q - a +5 ring of strength (right hand)
Scrolls
 g - 2 scrolls of teleportation
 i - a scroll of remove curse
 j - a scroll of amnesia
 k - a scroll of identify
 n - 3 scrolls of fog
 p - a scroll of immolation
 t - a scroll of magic mapping
Potions
 d - a potion of might
 l - a potion of berserk rage
 m - a potion of flight {unknown}
Books
 o - a book of Cantrips

   Spells                             Type                      Level
   a - Confusing Touch                Hexes                        1
   b - Animate Skeleton               Necromancy                   1
   c - Summon Small Mammal            Summoning                    1
   d - Apportation                    Translocation                1
Comestibles
 f - 5 rations


   Skills:
 + Level 4.1 Fighting
 + Level 4.4 Axes
 + Level 3.7 Armour
 * Level 4.4 Shields


You had 3 spell levels left.
You didn't know any spells.

Dungeon Overview and Level Annotations

Branches:
Dungeon (3/15)

Altars:
Qazlal


Message History

The gnoll hits you with a flail.
The gnoll hits you from afar with a halberd!
* * * LOW HITPOINT WARNING * * *
The gnoll barely misses you.
Okay, then.
It was a potion of berserk rage.
A red film seems to cover your vision as you go berserk!
You feel yourself moving faster!
You feel mighty! You block the gnoll's attack.
The gnoll hits you from afar with a halberd.
* * * LOW HITPOINT WARNING * * *
Unknown command.
You hit the gnoll.
The gnoll is lightly wounded.
You block the gnoll's attack.
You closely miss the gnoll.
The gnoll is lightly wounded.
The gnoll hits you from afar with a halberd!
* * * LOW HITPOINT WARNING * * *
The gnoll hits you with a flail.
You die...

*,,,,,,,,,,,* *,##P,,♣..♣..**,,*
*,,,,,,,,,,,* #.♣§.*,♣..♣..,,,*.
*,,,,,,,,,,,* #.§PP§§§.♣...,*,,P
*,,,,,,,,,,,* #...♣§♣♣§♣.♣.,*,♣.
***********,***#.#§§..♣.♣.♣.♣♣♣P.
*,,,,#.#...♣..♣.♣♣..PPP
*,,,,#.##.♣♣.♣P.†.P♣.P♣
*,,,,+.#..♣.♣...♣♣..♣..
**,,,#@♣.P.♣###.♣.♣.♣..
*,,,#.g..♣##.##.....♣.
*,,,###gP#g.$.+#..♣... *,,,*
#.♣.##.##♣.P♣♣♣. *,,,*
♣..PP#*#,♣.♣♣♣♣. *,,,*
♣.P.♣♣**,♣♣.PP§. *,,,* ###♣♣
*,...#.#§♣ *,,,* *****#.§.. *****
#.###


You could see 2 gnolls.

Vanquished Creatures
  Jessica (D:2)
  Robin (D:2)
  An ooze (D:2)
  An adder skeleton (D:3)
  A dart slug (D:1)
  2 leopard geckos
  An orc (D:3)
  5 bats
  5 giant cockroaches
  13 goblins
  5 hobgoblins
  5 kobolds
  4 quokkas (D:3)
  3 frilled lizards (D:1)
  8 rats
56 creatures vanquished.

Notes
Turn   | Place    | Note
-------+----------+-------------------------------------------
     0 | D:1      | McIrco the Hill Orc Fighter began the quest for the Orb.
     0 | D:1      | Reached XP level 1. HP: 19/19 MP: 1/1
   240 | D:1      | Reached XP level 2. HP: 26/27 MP: 2/2
   549 | D:1      | Reached XP level 3. HP: 32/33 MP: 3/3
   827 | D:2      | Noticed Jessica
   830 | D:2      | Killed Jessica
   830 | D:2      | Reached XP level 4. HP: 38/40 MP: 4/4
   838 | D:2      | Noticed Robin
   852 | D:2      | Killed Robin
  1281 | D:3      | Found a stormy altar of Qazlal.
  1648 | D:3      | HP: 2/60 [gnoll/halberd (9)]
  1648 | D:3      | Slain by a gnoll

Skill      XL: |  1  2  3  4 |
---------------+-------------+-----
Axes           | 3 4 |  4.4
Shields        | 4 |  4.4
Fighting       | 4 |  4.1
Armour         | |  3.7

Action                   |  1- 3 |  4- 6 || total
-------------------------+-------+-------++-------
Melee: War axe           |    86 |    86 ||   172
  Use: Scroll            |       |     7 ||     7
       Potion            |       |     1 ||     1
  Eat: Chunk             |       |     2 ||     2
Armor: Scale mail        |    48 |    44 ||    92
Dodge: Dodged            |    14 |    37 ||    51
Block: Shield            |    53 |    62 ||   115
